Map: Ascension to Aiur LE

Players

HUNTER - Winner!

  • Race: Protoss Protoss
  • Spawn Location: 11:00

Steok

  • Race: Protoss Protoss
  • League: Gold
  • Spawn Location: 5:00

VOD

Have the link to the VOD?

Description

Time

  • Played on: July 29, 2017, 9:07 a.m.
  • Length: 7:54
Show
View Real Time Build Order
Export as new Build Order

HUNTER Protoss - Winner!

Build Orders:  

Get SALT Encoding   

  12  0:01  Probe (Chrono Boost)  
  14  0:14  Probe (Chrono Boost)  
  14  0:22  Pylon  
  14  0:25  Probe (Chrono Boost)  
  15  0:40  Gateway  
  15  0:48  Assimilator  
  15  0:49  Probe (Chrono Boost)  
  16  0:59  Probe (Chrono Boost)  
  16  1:03  Gateway  
  17  1:10  Probe (Chrono Boost)  
  18  1:21  Probe (Chrono Boost)  
  19  1:31  Probe (Chrono Boost)  
  20  1:37  Cybernetics Core  
  20  1:55  Zealot  
  22  2:15  Warp Gate (Chrono Boost)  
  22  2:20  Pylon  
  22  2:38  Stalker  
  22  2:40  Stalker  
  26  3:09  Pylon  
  26  3:13  Stalker x2  
  30  3:28  Gateway  
  30  3:30  Gateway  
  30  3:33  Pylon  
  30  4:06  Pylon  
  30  4:10  Stalker  
  30  4:11  Stalker  
  34  4:24  Zealot  
  34  4:26  Zealot  
  38  4:47  Stalker  
  38  4:48  Zealot, Stalker x2  
  42  5:17  Stalker  
  42  5:18  Stalker x2  
  42  5:19  Zealot  
  48  5:41  Pylon  
  46  5:44  Stalker  
  46  5:46  Zealot x3  
  48  6:09  Stalker  
  48  6:10  Stalker  
  52  6:11  Zealot x2  
  54  6:35  Stalker  
  54  6:36  Zealot x3  
  46  7:01  Zealot, Stalker  
  46  7:02  Zealot x2  
  40  7:23  Stalker x2  
  40  7:25  Zealot x2  
  42  7:46  Stalker  
  42  7:47  Zealot x2  
  42  7:48  Zealot  
Show
View Real Time Build Order
Export as new Build Order

Steok Protoss 

Build Orders:  

Get SALT Encoding   

  12  0:01  Probe (Chrono Boost)  
  13  0:13  Probe (Chrono Boost)  
  14  0:17  Pylon  
  14  0:25  Probe (Chrono Boost)  
  15  0:36  Probe (Chrono Boost)  
  15  0:38  Gateway  
  16  0:44  Assimilator  
  16  0:56  Probe (Chrono Boost)  
  17  1:07  Probe (Chrono Boost)  
  17  1:08  Assimilator  
  18  1:13  Gateway  
  18  1:17  Probe (Chrono Boost)  
  19  1:26  Cybernetics Core  
  19  1:28  Probe (Chrono Boost)  
  20  1:38  Probe (Chrono Boost)  
  21  1:49  Probe (Chrono Boost)  
  21  1:51  Pylon  
  22  1:59  Probe (Chrono Boost)  
  23  2:10  Probe (Chrono Boost)  
  24  2:15  Stalker x2  
  24  2:21  Probe (Chrono Boost)  
  24  2:22  Warp Gate  
  29  2:31  Probe (Chrono Boost)  
  29  2:37  Pylon  
  29  2:42  Nexus  
  28  2:52  Mothership Core (Chrono Boost)  
  30  3:04  Gateway  
  30  3:10  Probe (Chrono Boost)  
  31  3:21  Probe (Chrono Boost), Pylon  
  31  3:23  Pylon  
  32  3:28  Stalker  
  32  3:31  Probe (Chrono Boost)  
  35  3:35  Stalker  
  37  3:42  Probe (Chrono Boost)  
  38  3:52  Probe (Chrono Boost)  
  39  3:59  Robotics Facility  
  40  4:03  Probe x2 (Chrono Boost)  
  41  4:13  Probe (Chrono Boost)  
  42  4:21  Twilight Council  
  42  4:25  Probe x2 (Chrono Boost)  
  42  4:27  Pylon  
  44  4:31  Pylon  
  42  4:40  Stalker  
  42  4:41  Stalker x2  
  46  4:55  Mothership Core  
  44  5:08  Stalker x2  
  44  5:09  Stalker  
  43  5:33  Stalker x2  
  43  5:34  Stalker  
  47  5:46  Pylon  
  47  5:57  Immortal (Chrono Boost)  
  47  6:02  Stalker x3  
  51  6:21  Pylon  
  49  6:35  Zealot  
  49  6:36  Zealot x2  
  51  6:51  Immortal (Chrono Boost)  
  47  6:54  Gateway  
  45  7:04  Stalker  
  35  7:17  Stalker x2  
  35  7:32  Mothership Core  
  33  7:39  Stalker  
  33  7:40  Stalker  
Tags
 
League
Gold
Matchup
PvP
Spawn Locations
Cross Positions
Add a new tag
Caveats
  • Supply blocks, unpowered buildings, or Contaminate may cause inaccurate times.
  • Supply counts are checked every 10 seconds.